 Dungeon Crawl Stone Soup version 0.20.0-6-gd3061e9 (webtiles) character file.

314 greprep the Shield-Bearer (level 6, 0/52 HPs)
             Began as a Minotaur Fighter on May 28, 2017.
             Slain by an ogre
             ... wielding a +0 giant club
              (17 damage)
             ... on level 4 of the Dungeon.
             The game lasted 00:03:16 (1695 turns).

greprep the Shield-Bearer (Minotaur Fighter)        Turns: 1695, Time: 00:03:17

Health: 0/52       AC:  7    Str: 23    XL:     6   Next: 19%
Magic:  5/5        EV:  9    Int:  5    God:
Gold:   178        SH: 10    Dex:  9    Spells: 5/5 levels left

rFire    . . .     SeeInvis .   a - +0 long sword
rCold    . . .     Gourm    .   c - +0 shield
rNeg     . . .     Faith    .   b - +0 scale mail
rPois    .         Spirit   .   (helmet restricted)
rElec    .         Reflect  .   (no cloak)
rCorr    .         Harm     .   (no gloves)
MR       .....                  (no boots)
Stlth    ..........             (no amulet)
Regen    0.2/turn               (no ring)
MPRegen  0.1/turn               (no ring)

@: lethally poisoned (0 -> 0)
A: retaliatory headbutt, horns 2
a: no special abilities


You were on level 4 of the Dungeon.
You were hungry.

You visited 1 branch of the dungeon, and saw 4 of its levels.

You collected 178 gold pieces.

Inventory:

Hand Weapons
 a - a +0 long sword (weapon)
Armour
 b - a +0 scale mail (worn)
 c - a +0 shield (worn)
Jewellery
 q - an uncursed ring of flight {unknown}
Wands
 r - a wand of clouds (6/9)
Scrolls
 k - a scroll of noise {unknown}
 l - 3 scrolls of identify {unknown}
 n - a scroll of fear {unknown}
 o - a scroll of teleportation {unknown}
 t - 3 scrolls of remove curse {unknown}
Potions
 d - 2 potions of might
 e - 6 potions of curing {unknown}
 h - 2 potions of invisibility {unknown}
 i - 2 potions of flight {unknown}
 j - 2 potions of lignification {unknown}
 m - a potion of berserk rage {unknown}
 p - a potion of mutation {unknown}
 s - a potion of cancellation {unknown}
Comestibles
 f - 4 bread rations
 g - 3 meat rations


   Skills:
 + Level 4.2 Fighting
 + Level 4.5 Long Blades
 * Level 4.6 Armour
 * Level 2.3 Dodging
 * Level 5.7 Shields


You had 5 spell levels left.
You didn't know any spells.

Dungeon Overview and Level Annotations

Branches:
Dungeon (4/15)
 Temple: D:4-7

Altars:


Innate Abilities, Weirdness & Mutations

You reflexively headbutt those who attack you in melee.
You have a pair of horns on your head.


Message History

An ogre is nearby!
You feel sick.
You feel sick. The ogre hits you with a giant club!
You hit the ogre. Your headbutt misses the ogre.
The ogre is lightly wounded.
You feel sick.
You hit the ogre.
The ogre is lightly wounded.
The ogre hits you with a giant club!
You are too injured to fight recklessly!
You feel sick.
You feel sick.
You feel sick.
You feel sick.
You feel sick.
You barely miss the ogre.
The ogre is lightly wounded.
The ogre hits you with a giant club!
You die...

#############
##########...........#
####
#......O@....#######.####
..#
#.#######....######.....<
#.# #.#
#..#..........###.
#####.###.#
#.....#######.# #.
..........# #........#
#.# #. #####...###
#...#.##.# #.# #. #####.#
#...#.##.####.# #. ..#
#># #.............###.
#.# #.#
#..##..........###


You could see an ogre.

Vanquished Creatures
  A howler monkey (D:3)
  An orc priest (D:4)
  A centaur skeleton (D:4)
  An orc wizard (D:4)
  Ijyb (D:3)
  Terence (D:3)
  An iguana (D:4)
  4 adders
  A worm (D:3)
  A dart slug (D:2)
  3 leopard geckos
  5 orcs
  4 giant cockroaches
  6 goblins
  8 hobgoblins
  6 jackals
  A quokka (D:2)
  A ball python (D:2)
  4 bats
  9 frilled lizards
  A jackal skeleton (D:3)
  9 kobolds
  4 rats
74 creatures vanquished.

Notes
Turn   | Place    | Note
-------+----------+-------------------------------------------
     0 | D:1      | greprep the Minotaur Fighter began the quest for the Orb.
     0 | D:1      | Reached XP level 1. HP: 19/19 MP: 0/0
   155 | D:1      | Reached XP level 2. HP: 27/27 MP: 1/1
   380 | D:1      | Reached skill level 4 in Shields
   386 | D:1      | Reached skill level 1 in Dodging
   607 | D:2      | Reached XP level 3. HP: 33/33 MP: 2/2
   878 | D:2      | Reached XP level 4. HP: 40/40 MP: 3/3
  1024 | D:3      | Noticed Ijyb
  1035 | D:3      | Killed Ijyb
  1074 | D:3      | Noticed Terence
  1086 | D:3      | Killed Terence
  1086 | D:3      | Reached skill level 5 in Shields
  1086 | D:3      | Reached XP level 5. HP: 28/46 MP: 4/4
  1661 | D:4      | Reached XP level 6. HP: 52/52 MP: 5/5
  1695 | D:4      | Slain by an ogre

Skill      XL: |  1  2  3  4  5 |
---------------+----------------+-----
Armour         | 4 |  4.6
Shields        | 4 5 |  5.7
Dodging        | 1 2 |  2.3
Long Blades    | 3 4 |  4.5
Fighting       | 4 |  4.2

Action                   |  1- 3 |  4- 6 || total
-------------------------+-------+-------++-------
Melee: Long sword        |    99 |    92 ||   191
       Headbutt          |    11 |    18 ||    29
  Eat: Royal jelly       |       |     1 ||     1
Armor: Scale mail        |    42 |    45 ||    87
Dodge: Dodged            |    38 |    36 ||    74
Block: Shield            |    53 |    57 ||   110
       Rpst.: Long sword |     5 |    11 ||    16
